AoeStats
← Jonah

Arabia

508671451Analyzed
1v1 RM · 7d ago on Sep 23, 2026· 37m 22s· 2 players
Game mode
Random Map
Map size
Tiny (2 player)
Population
200
Speed
Normal
Resources
Standard
Victory
Conquest
Starting age
Dark Age
Ending age
Imperial Age
RankedLock teamsTeams togetherTeam positionsShared explorationLock speedFull tech treeHidden civsTurbo modeCheats
Victory
Defeat
🇫🇷 Muisca · France
1066
+15
🇧🇪 Aztecs · Belgium
1049
-15
hugojanin
6:32 Loom
9:55 Feudal Age
9:58 Man-at-Arms
21:58 Castle Age
20:19 Scale Mail Armor
20:25 Double-Bit Axe
21:12 Forging
21:34 Horse Collar
22:31 Eagle Warrior
23:25 Squires
26:05 Chain Mail Armor
28:39 Iron Casting
34:30 Bow Saw
36:35 Town Watch
37:28 Wheelbarrow
Jonah
7:14 Loom
10:13 Feudal Age
10:48 Double-Bit Axe
10:42 Champi Runner
13:35 Fletching
17:17 Padded Archer Armor
18:55 Horse Collar
20:44 Wheelbarrow
23:28 Castle Age
21:46 Gold Mining
24:04 Bodkin Arrow
23:34 Crossbowman
24:39 Bow Saw
24:54 Heavy Plow
24:59 Town Watch
27:26 Squires
26:47 Champi Warrior
28:23 Leather Archer Armor
30:19 Thumb Ring
31:32 Stone Mining
34:17 Scale Mail Armor
35:51 Ballistics
36:31 Hand Cart
37:09 Forging
Connection lost

Rejoining the realm…

Still unreachable

The connection could not be restored.

Session expired

The server has moved on; the page needs a fresh start.